 Dungeon Crawl Stone Soup version 0.23.2-30-g0e89c35649 (webtiles) character file.

Game seed: 15303734684514016675

116 Hivemind the Insei (level 4, -11/32 HPs)
             Began as a Demonspawn Transmuter on June 12, 2019.
             Killed by divine providence
             ... invoked by an orc priest
              (14 damage)
             ... on level 3 of the Dungeon.
             The game lasted 00:13:41 (3388 turns).

Hivemind the Insei (Demonspawn Transmuter)          Turns: 3388, Time: 00:13:41

Health: -11/32     AC:  2    Str: 10    XL:     4   Next: 69%
Magic:  6/7        EV: 12    Int: 15    God:
Gold:   93         SH:  0    Dex: 14    Spells: 6/7 levels left

rFire    . . .     SeeInvis .     - Unarmed
rCold    . . .     Gourm    .   (no shield)
rNeg     . . .     Faith    +   b - +0 robe
rPois    .         Spirit   .   (no helmet)
rElec    .         Reflect  .   (no cloak)
rCorr    .         Harm     .   (no gloves)
MR       .....                  (no boots)
Stlth    +.........             m - amulet of faith
HPRegen  0.10/turn              (no ring)
MPRegen  0.10/turn              (no ring)

@: appendage (expiring)
A: horns 2, rot immunity
a: End Transformation


You were on level 3 of the Dungeon.
You were not hungry.
You had grown temporary horns.
You visited 1 branch of the dungeon, and saw 3 of its levels.

You collected 93 gold pieces.

Inventory:

Missiles
 a - 12 arrows
 n - 25 stones (quivered)
 p - a throwing net
Armour
 b - a +0 robe (worn)
Jewellery
 m - an amulet of faith (around neck)
Scrolls
 c - 3 scrolls of remove curse {unknown}
 e - a scroll of fog {unknown}
 f - 2 scrolls of magic mapping {unknown}
 g - 6 scrolls of identify {unknown}
 i - a scroll of teleportation {unknown}
 s - a scroll of random uselessness {unknown}
Potions
 h - 2 potions of resistance {unknown}
 j - 2 potions of ambrosia {unknown}
 k - 3 potions of haste {unknown}
 l - a potion of magic {unknown}
 o - 2 potions of curing {unknown}
 q - a potion of agility {unknown}
 r - a potion of heal wounds {unknown}
Comestibles
 d - 3 rations
 t - 3 chunks of flesh


   Skills:
 - Level 1.0 Fighting
 + Level 1.8 Dodging
 + Level 5.0 Unarmed Combat
 - Level 2.0 Spellcasting
 - Level 1.7 Transmutations


You had 6 spell levels left.
You knew the following spells:

 Your Spells              Type           Power        Failure   Level  Hunger
a - Beastly Appendage     Tmut           #.....       11%         1    #......

Your spell library contained the following spells:

 Spells                   Type           Power        Failure   Level  Hunger
 Sticks to Snakes         Tmut           #.......     16%         2    ###....
 Spider Form              Tmut/Pois      #.........   43%         3    ###....
 Ice Form                 Ice/Tmut       #.......     83%         4    #####..
 Blade Hands              Tmut           #.........   96%         5    ######.


Dungeon Overview and Level Annotations

Branches:
Dungeon (3/15)

Altars:

Annotations:
D:3 Ijyb


Innate Abilities, Weirdness & Mutations

You are immune to rotting.
You have a pair of horns on your head.


Message History

The orc priest is lightly wounded.
The orc priest hits you.
You hit the orc priest but do no damage.
The orc priest is lightly wounded.
You hit the orc priest but do no damage.
The orc priest is lightly wounded.
The orc priest mumbles some strange prayers to Beogh against you.
Pain shoots through your body!
* * * LOW HITPOINT WARNING * * *
You closely miss the orc priest.
The jackal barks!
You punch the orc priest!
The orc priest is severely wounded.
The orc priest hits you.
* * * LOW HITPOINT WARNING * * *
You barely miss the orc priest. Your headbutt misses the orc priest.
The orc priest is severely wounded.
The orc priest invokes the aid of Beogh against you.
Beogh smites you!
You die...

###. #[.#.####)###..# ..#. #.).#
#.# ##.# #.#.###.### #.# #.#
#.#..#..# #.# #.# #.##....# #.#
#.## #.#.....## #.# #..# #######
#...##...### #.# ##.# #.....#
#.....#....###.## #.####.....#
#.###รท...#.....@####...##.....#
... ####.#.....o#.......>.....#
#...##....>....................#
.......####......##.###........#
..###...#............####.######
.. .<......h....(###....#.#
.#######...#......##....#.# #
#####....#####..#...o#.#
####.(.(.##..# #.......#.#


You could see an orc priest and a jackal.

Vanquished Creatures
  Jessica (D:2)
  4 adders (D:2)
  A worm (D:2)
  2 dart slugs (D:1)
  2 leopard geckos
  4 orcs
  3 goblins (D:1)
  7 hobgoblins
  A jackal (D:2)
  4 bats
  5 frilled lizards
  7 kobolds
  3 rats
44 creatures vanquished.

Vanquished Creatures (others)
  A jackal (D:3)
1 creature vanquished.

Grand Total: 45 creatures vanquished

Notes
Turn   | Place    | Note
-------+----------+-------------------------------------------
     0 | D:1      | Hivemind the Demonspawn Transmuter began the quest for the
                  | Orb.
     0 | D:1      | Reached XP level 1. HP: 15/15 MP: 3/3
   246 | D:1      | Reached skill level 3 in Unarmed Combat
   312 | D:1      | Gained mutation: You are immune to rotting. [demonic
                  | ancestry]
   312 | D:1      | Reached XP level 2. HP: 20/21 MP: 3/5
  1173 | D:2      | Reached XP level 3. HP: 22/26 MP: 4/6
  1184 | D:2      | Reached skill level 4 in Unarmed Combat
  1205 | D:2      | HP: 1/26 [poisoned by an adder]
  1524 | D:2      | Noticed Jessica
  1538 | D:2      | Killed Jessica
  1538 | D:2      | Reached XP level 4. HP: 24/32 MP: 7/7
  2616 | D:3      | Noticed Ijyb
  3211 | D:3      | Reached skill level 5 in Unarmed Combat
  3388 | D:3      | Killed from afar by an orc priest

Skill      XL: |  1  2  3  4 |
---------------+-------------+-----
Unarmed Combat | 3 4 5 |  5.0
Fighting       | |  1.0
Dodging        | |  1.8
Spellcasting   | |  2.0
Transmutations | |  1.7

Action                   |  1- 3 |  4- 6 || total
-------------------------+-------+-------++-------
Melee: Unarmed           |    64 |    87 ||   151
       Kick              |     7 |     8 ||    15
       Headbutt          |     2 |     2 ||     4
       Punch             |     1 |     2 ||     3
Throw: Stone             |     4 |    45 ||    49
 Cast: Beastly Appendage |    13 |    20 ||    33
 Stab: Sleeping          |     1 |       ||     1
  Eat: Ration            |     1 |     1 ||     2
       Chunk             |       |     2 ||     2
Armor: Robe              |     2 |    16 ||    18
Dodge: Dodged            |    38 |    67 ||   105
